AoeStats
← ¬"M°rph!ne !? .CH

Nomad

509922670Analyzed
4v4 RM · 3d ago on Sep 28, 2026· 65m 5s· 8 players
Game mode
Random Map
Map size
231×231
Population
200
Speed
Normal
Resources
Standard
Victory
Conquest
Starting age
Dark Age
Ending age
Imperial Age
RankedLock teamsTeams togetherTeam positionsShared explorationLock speedFull tech treeHidden civsTurbo modeCheats
Victory
Defeat
🇮🇳 Koreans · India
1168
+14
🇨🇳 Bengalis · China
1128
+16
🇨🇦 Saxons · Canada
1123
+16
🇰🇬 Huns · Kyrgyzstan
1093
+17
🇳🇴 Persians · Norway
1170
-27
🇦🇷 Spanish · Argentina
1154
-17
🇨🇦 Varangians · Canada
1097
-15
🇨🇭 Japanese · Switzerland
1081
-14
GR4Y_BE4RD
11:04 Loom
13:24 Feudal Age
14:41 Double-Bit Axe
16:19 Town Watch
17:28 Forging
23:03 Castle Age
21:06 Fishing Lines
23:55 Medium Warships
24:23 Iron Casting
25:11 Wheelbarrow
27:26 Fletching
28:05 Hand Cart
31:55 Imperial Age
29:50 Padded Archer Armor
31:12 Town Patrol
33:44 Bodkin Arrow
34:04 Elite Skirmisher
34:12 Crossbowman
34:59 Thumb Ring
34:55 Bracer
36:51 Ballistics
35:55 Arbalester
36:52 Leather Archer Armor
40:52 Chemistry
41:19 Siege Engineers
43:43 Guard Tower
43:39 Arrowslits
46:06 Keep
60:01 Gold Mining
Te0n
7:07 Loom
14:50 Feudal Age
16:07 Double-Bit Axe
17:33 Bloodlines
17:33 Forging
18:21 Scale Barding Armor
18:16 Horse Collar
19:35 Fishing Lines
26:09 Castle Age
24:26 Stone Mining
24:30 Gold Mining
27:58 Iron Casting
27:45 Chain Barding Armor
27:38 Heavy Plow
28:08 Bow Saw
30:20 Wheelbarrow
29:46 Fletching
33:35 Gillnets
34:25 Husbandry
35:17 Bodkin Arrow
36:40 Hand Cart
40:20 Imperial Age
38:47 Light Cavalry
41:37 Plate Barding Armor
42:02 Blast Furnace
41:39 Ballistics
42:07 Conscription
41:18 Cavalier
43:02 Blast Furnace
42:13 Town Watch
42:38 Paladin
44:45 Chemistry
43:41 Murder Holes
43:56 Masonry
46:14 Marauders
45:35 Elite Tarkan
52:19 Gold Shaft Mining
53:29 Two-Man Saw
53:52 Hussar
精锐数字
5:07 Loom
13:15 Feudal Age
17:39 Castle Age
15:59 Double-Bit Axe
21:49 Horse Collar
24:29 Fletching
25:12 Bodkin Arrow
27:14 Wheelbarrow
30:25 Ballistics
35:24 Imperial Age
32:59 Padded Archer Armor
33:02 Gold Mining
33:04 Stone Mining
33:16 Heavy Plow
33:28 Bow Saw
35:16 Gold Shaft Mining
35:02 Leather Archer Armor
35:00 Bloodlines
34:50 Husbandry
35:08 Paiks
36:30 Conscription
36:49 Hand Cart
37:49 Bracer
38:19 Ring Archer Armor
38:17 Town Watch
39:37 Elite Ratha (Ranged)
44:27 Pikeman
46:33 Halberdier
47:26 Scale Mail Armor
47:36 Forging
47:31 Squires
49:05 Chain Mail Armor
55:00 Iron Casting
58:25 Blast Furnace
57:19 Arson
61:43 Two-Man Saw
63:00 Town Patrol
Shini_gami
6:15 Loom
14:51 Feudal Age
15:20 Town Watch
15:52 Fishing Lines
16:52 Double-Bit Axe
19:04 Fletching
22:10 Castle Age
21:10 Horse Collar
22:02 Gold Mining
22:03 Stone Mining
22:29 Forging
23:23 Wheelbarrow
23:24 Gillnets
23:50 Medium Warships
26:47 Gillnets
27:30 Stone Mining
27:54 Bow Saw
27:47 Caravan
28:12 Heavy Plow
34:59 Imperial Age
33:13 Murder Holes
33:43 Hand Cart
34:01 Bodkin Arrow
34:07 Scale Mail Armor
34:44 Ballistics
36:15 Arrowslits
37:30 Chemistry
36:33 Bracer
37:19 Eupseong
37:40 Conscription
37:24 Heavy Rocket Cart
40:52 Two-Man Saw
44:48 Stone Shaft Mining
44:49 Gold Shaft Mining
44:07 Heated Shot
44:25 Scale Barding Armor
44:55 Iron Casting
44:28 Squires
44:13 Arson
44:47 Pikeman
45:56 Halberdier
49:56 Chain Mail Armor
50:30 Husbandry
49:51 Cavalier
58:55 Plate Mail Armor
58:45 Chain Barding Armor
60:33 Light Cavalry
62:21 Capped Ram
64:28 Hussar
xalt0s
14:38 Feudal Age
21:33 Castle Age
20:28 Double-Bit Axe
22:12 Medium Warships
22:38 Bow Saw
24:54 Wheelbarrow
24:07 Horse Collar
26:09 Gold Mining
26:07 Loom
26:30 Stone Mining
27:38 Heavy Plow
30:05 Scale Barding Armor
30:51 Bloodlines
31:48 Hand Cart
32:06 Husbandry
36:21 Imperial Age
34:08 Forging
34:40 Chain Barding Armor
35:05 Masonry
36:03 Iron Casting
37:55 Plate Barding Armor
37:02 Cavalier
39:35 Blast Furnace
39:48 Conscription
39:18 Savar
50:18 Fletching
50:55 Citadels
54:22 Bodkin Arrow
54:28 Padded Archer Armor
54:51 Ballistics
55:32 Chemistry
58:15 Kamandaran
58:33 Leather Archer Armor
61:00 Hoardings
62:49 Architecture
62:15 Murder Holes
¬"M°rph!ne !? .CH
12:49 Loom
12:53 Loom
12:57 Loom
15:37 Feudal Age
22:16 Castle Age
23:46 Fletching
25:06 Scale Mail Armor
29:08 Horse Collar
31:13 Forging
31:18 Chain Mail Armor
34:49 Squires
34:35 Arson
38:57 Iron Casting
42:26 Double-Bit Axe
47:50 Imperial Age
47:58 Elite Samurai
49:07 Conscription
49:21 Plate Mail Armor
50:36 Capped Ram
58:52 Padded Archer Armor
58:18 Elite Skirmisher
Papa Fil
9:42 Loom
14:53 Feudal Age
18:39 Castle Age
18:46 Fishing Lines
18:58 Double-Bit Axe
20:04 Wheelbarrow
19:50 Bow Saw
23:09 Hand Cart
28:20 Scale Barding Armor
30:37 Bloodlines
30:27 Husbandry
30:50 Chain Barding Armor
32:07 Forging
34:45 Iron Casting
38:55 Imperial Age
41:28 Conscription
42:58 Blast Furnace
41:30 Elite Jarl
54:48 Plate Barding Armor
59:49 Horse Collar
Pablo
14:48 Feudal Age
19:09 Castle Age
26:31 Double-Bit Axe
30:39 Bow Saw
30:10 Horse Collar
31:58 Padded Archer Armor
32:56 Wheelbarrow
33:28 Leather Archer Armor
37:10 Imperial Age
36:04 Hand Cart
38:53 Chemistry
38:21 Conscription
37:25 Elite Conquistador
39:19 Two-Man Saw
39:15 Ring Archer Armor
40:15 Husbandry
40:26 Bloodlines
53:22 Light Cavalry
54:35 Hussar
60:32 Forging
60:28 Scale Barding Armor
63:50 Chain Barding Armor
Connection lost

Rejoining the realm…

Still unreachable

The connection could not be restored.

Session expired

The server has moved on; the page needs a fresh start.